Map: Turbo Cruise '84 LE

Players

TiPtOP - Winner!

  • Race: Terran Terran
  • Spawn Location: 7:00

VOD

Have the link to the VOD?

Description

Time

  • Played on: Aug. 11, 2019, 6:15 a.m.
  • Length: 62:31
Show
View Real Time Build Order
Export as new Build Order

TiPtOP Terran - Winner!

Build Orders:  

Get SALT Encoding   

  12  0:01  SCV  
  13  0:18  SCV  
  14  0:26  Supply Depot  
  14  0:36  SCV  
  15  0:56  SCV  
  16  1:01  Barracks  
  16  1:14  SCV  
  17  1:37  SCV  
  18  1:40  Refinery  
  18  2:01  SCV  
  19  2:12  Marine, Command Center  
  20  2:22  SCV  
  21  2:45  Supply Depot  
  21  3:06  Barracks Reactor  
  21  3:15  SCV  
  21  3:17  Barracks  
  22  3:37  SCV  
  23  3:40  Supply Depot  
  23  3:57  Marine x2  
  25  4:05  SCV  
  27  4:12  Orbital Command  
  26  4:24  SCV  
  27  4:34  Barracks Reactor  
  27  4:42  Marine  
  27  4:43  Marine  
  27  4:49  SCV  
  30  4:54  SCV  
  31  5:11  SCV  
  31  5:14  SCV  
  33  5:24  Refinery  
  33  5:26  Marine x2  
  33  5:27  Marine x2  
  37  5:33  SCV x2  
  39  5:56  Supply Depot  
  39  6:20  Factory  
  39  6:29  Barracks  
  39  6:34  Marine x2  
  39  6:35  Marine x2  
  43  6:41  Supply Depot  
  43  6:42  SCV x2  
  45  6:59  SCV x2  
  47  7:10  Marine x4  
  51  7:23  SCV  
  51  7:25  Factory Reactor  
  52  7:32  Starport  
  52  7:35  Marine  
  52  7:36  Marine x3  
  47  7:40  SCV  
  57  7:41  Barracks Tech Lab  
  57  8:00  Engineering Bay  
  57  8:01  SCV  
  52  8:18  SCV  
  52  8:39  Marine, Marauder  
  55  8:40  Marine x3  
  57  9:02  Factory Tech Lab  
  57  9:04  Marine, Medivac  
  57  9:05  Medivac  
  57  9:09  Marauder  
  64  9:19  Marine x3  
  67  9:22  Orbital Command  
  67  9:25  SCV  
  67  9:29  Marine  
  69  9:31  Stimpack  
  69  9:42  SCV  
  70  10:08  Supply Depot  
  70  10:19  Supply Depot  
  70  10:20  Supply Depot  
  70  10:38  SCV, Marauder  
  73  10:40  Siege Tank  
  76  10:59  Supply Depot  
  76  11:18  Refinery  
  76  11:23  Refinery  
  76  11:24  Marine  
  76  11:25  Marine x2, Marauder  
  76  11:26  Marine  
  82  11:37  Siege Tank  
  82  11:45  Supply Depot  
  82  11:49  Marine  
  83  11:55  Marauder  
  85  12:25  Marauder  
  87  12:31  Unknown  
  87  12:33  Terran Infantry Weapons Level 1  
  87  12:42  Command Center  
  87  13:13  Siege Tank  
  87  13:16  Marine x3, Starport  
  87  13:17  Marauder  
  87  13:18  Marine  
  91  13:41  Marine x2  
  91  13:47  Marauder  
  95  13:58  Siege Tank  
  98  14:02  SCV x2  
  100  14:16  Marauder  
  102  14:22  SCV x2  
  104  14:42  Siege Tank  
  104  14:43  Siege Tank  
  104  14:46  Marauder  
  104  14:47  Medivac x2  
  113  14:57  Marine x3  
  116  15:23  Supply Depot  
  116  15:28  Supply Depot  
  116  15:29  Supply Depot  
  116  15:53  Siege Tank, Marauder  
  102  16:23  Marauder  
  104  16:38  Siege Tank  
  107  16:53  Marauder  
  109  17:11  SCV x3  
  109  17:15  Siege Tank  
  112  17:23  Siege Tank  
  112  17:28  SCV  
  116  17:42  Medivac x2  
  120  18:07  SCV  
  120  18:08  Siege Tank  
  124  18:11  Siege Tank x2  
  124  18:21  Terran Infantry Armor Level 1  
  124  18:23  Refinery  
  124  18:24  SCV  
  125  18:30  Armory  
  125  18:32  Starport  
  86  19:18  Siege Tank x3, Marine x3  
  86  19:19  Marine x2  
  87  19:43  Marine x3  
  87  19:44  Marauder  
  88  20:14  Marine x4, Marauder  
  94  20:34  Refinery  
  94  20:39  Command Center, Marine  
  95  20:44  Marauder  
  97  20:58  Missile Turret  
  97  21:11  Terran Infantry Weapons Level 2  
  97  21:17  Engineering Bay  
  97  21:27  Starport Tech Lab  
  97  21:38  Fusion Core  
  97  21:39  Starport  
  97  21:49  Starport  
  97  21:56  Marine x4  
  97  21:57  Marine  
  102  22:23  SCV x2  
  104  22:40  Starport Tech Lab  
  104  22:42  Starport Tech Lab  
  104  22:58  Terran Ship Weapons Level 1  
  104  23:03  Starport  
  104  23:06  Siege Tank x2  
  104  23:16  Siege Tank x2  
  104  23:17  Armory  
  104  23:28  Marine x4  
  104  23:29  Missile Turret  
  108  23:33  Battlecruiser  
  108  23:37  Battlecruiser  
  108  23:38  Battlecruiser  
  82  24:16  Starport Tech Lab  
  80  24:28  Structure Armor  
  65  25:03  Battlecruiser  
  65  25:06  Battlecruiser  
  65  25:08  Battlecruiser  
  74  25:51  Terran Vehicle And Ship Armor Level 1  
  74  25:59  Battlecruiser  
  75  26:14  Starport Tech Lab  
  68  26:21  Terran Ship Weapons Level 2  
  66  27:09  Weapon Refit  
  66  27:10  Command Center  
  66  27:17  Refinery  
  66  27:20  Refinery  
  66  27:21  Missile Turret x2  
  66  27:22  Missile Turret  
  66  27:30  Missile Turret  
  66  27:32  Missile Turret  
  66  28:06  Command Center  
  66  28:43  Battlecruiser  
  66  28:45  Battlecruiser  
  71  28:59  Marine x4  
  75  29:23  Marine  
  75  29:24  Marine  
  77  29:50  Starport Tech Lab  
  77  30:04  Refinery  
  77  30:06  Refinery  
  77  30:21  Terran Ship Weapons Level 3  
  77  34:18  SCV  
  78  34:29  Terran Vehicle And Ship Armor Level 2  
  78  35:04  Barracks Reactor  
  78  35:09  Siege Tank  
  81  35:54  Siege Tank  
  84  36:39  Siege Tank  
  84  37:00  Supply Depot  
  84  37:02  Supply Depot  
  84  37:04  Supply Depot  
  84  37:05  Supply Depot  
  84  37:24  Siege Tank  
  84  37:29  Siege Tank  
  87  37:35  Command Center  
  87  37:45  Battlecruiser x2  
  99  38:32  Orbital Command  
  99  38:35  Orbital Command  
  78  40:32  Marine x3  
  78  40:34  Siege Tank  
  78  40:37  Battlecruiser  
  90  41:19  Siege Tank  
  93  42:03  Siege Tank  
  93  42:09  Battlecruiser  
  99  45:50  Terran Vehicle And Ship Armor Level 3  
  93  46:47  Battlecruiser x2  
  103  48:33  SCV  
  103  48:34  SCV x2  
  106  50:43  Command Center  
  106  50:48  SCV  
  106  50:49  SCV x2  
  109  51:05  SCV x2  
  109  51:06  SCV  
  112  52:02  Battlecruiser x2  
  124  53:04  Battlecruiser x2  
  136  53:24  SCV  
  137  53:32  Battlecruiser  
  137  53:34  Orbital Command  
  143  53:41  SCV  
  144  53:50  SCV x2  
  146  55:39  Battlecruiser  
  152  55:40  Battlecruiser  
  152  55:49  Supply Depot  
  158  56:19  Battlecruiser x2  
  170  56:22  Supply Depot  
  170  56:54  Supply Depot  
  170  57:09  Battlecruiser  
  176  57:26  Supply Depot  
  176  57:58  Supply Depot  
  176  58:30  Supply Depot  
  176  59:02  Supply Depot  
  176  59:05  Battlecruiser  
  176  59:06  Battlecruiser x3  
Tags
 
Add a new tag
Caveats
  • Supply blocks, unpowered buildings, or Contaminate may cause inaccurate times.
  • Supply counts are checked every 10 seconds.